 Dungeon Crawl Stone Soup version 0.25.0-9-g26727b657a (webtiles) character file.

Game seed: 4371343080325610006

540 raph the Magician (level 7, -7/36 HPs)
             Began as a Deep Elf Wizard on June 16, 2020.
             Was an Initiate of Kikubaaqudgha.
             Killed by divine providence
             ... invoked by an orc priest
              (9 damage)
             ... on level 4 of the Dungeon.
             The game lasted 00:18:19 (6530 turns).

raph the Magician (Deep Elf Wizard)                 Turns: 6530, Time: 00:18:20

Health: -7/36      AC:  4    Str:  4      XL:     7   Next: 5%
Magic:  9/18       EV: 14    Int: 23 (25) God:    Kikubaaqudgha [......]
Gold:   217        SH:  0    Dex: 19      Spells: 5/18 levels left

rFire    . . .     SeeInvis .   r - +3 short sword
rCold    . . .     Gourm    .   (no shield)
rNeg     . . .     Faith    .   a - +0 robe
rPois    .         Spirit   .   b - +1 hat
rElec    .         Reflect  .   k - +0 cloak
rCorr    .         Harm     .   (no gloves)
MR       .....                  (no boots)
Stlth    +++.......             (no amulet)
HPRegen  0.12/turn              c - ring of wizardry
MPRegen  0.16/turn              l - +6 ring of dexterity

@: no status effects
A: no striking features
a: Renounce Religion


You were on level 4 of the Dungeon.
You worshipped Kikubaaqudgha.
Kikubaaqudgha was noncommittal.
You were not hungry.

You visited 2 branches of the dungeon, and saw 8 of its levels.
You also visited: Sewer.

You collected 217 gold pieces.

Inventory:

Hand Weapons
 h - a +0 short sword
 p - a +0 dagger
 r - a +3 short sword (weapon)
Missiles
 j - 31 poisoned darts (quivered)
 q - 79 stones
Armour
 a - a +0 robe (worn)
 b - a +1 hat (worn)
 g - a +0 leather armour
 k - a +0 cloak (worn)
Jewellery
 c - a ring of wizardry (left hand)
 l - a +6 ring of dexterity (right hand)
Scrolls
 i - 3 scrolls of fog
 s - a scroll of remove curse
 u - a scroll of blinking
Potions
 e - 3 potions of flight
 f - 2 potions of degeneration
 n - a potion of brilliance
 o - 7 potions of curing {unknown}
 t - 2 potions of might
 v - 2 potions of heal wounds
 w - a potion of invisibility {unknown}
Comestibles
 d - 7 rations
 m - a chunk of flesh


   Skills:
 + Level 3.4 Dodging
 + Level 3.6 Stealth
 + Level 6.2 Spellcasting
 * Level 5.1 Conjurations
 + Level 3.4 Summonings
 - Level 1.1 Translocations
 + Level 1.9 Poison Magic


You had 5 spell levels left.
You knew the following spells:

 Your Spells              Type           Power        Failure   Level  Hunger
a - Magic Dart            Conj           ####         1%          1    None
b - Blink                 Tloc           N/A          3%          2    None
c - Call Imp              Summ           ###.....     1%          2    None
d - Conjure Flame         Conj/Fire      ###.....     3%          3    #......
e - Mephitic Cloud        Conj/Pois/Air  ###.....     4%          3    #......
f - Slow                  Hex            #.......     5%          2    None

Your spell library contained the following spells:

 Spells                   Type           Power        Failure   Level  Hunger


Dungeon Overview and Level Annotations

Branches:
Dungeon (7/15)             Temple (1/1) D:7           Sewer (visited)

Altars:
Ashenzari
Cheibriados
Dithmenos
Elyvilon
Fedhas
Gozag
Hepliaklqana
Kikubaaqudgha
Okawaru
Qazlal
Ru
Sif Muna
Trog
Uskayaw
Vehumet
Xom
Yredelemnul
Zin


Message History

Press: ? - help, Shift-Dir - straight line, f/p - orc priest
Aim: an orc priest, wielding a +0 flail and wearing a +0 ring mail (heavily wounded) That beam is likely to hit you.
Continue anyway?
Okay, then.
The quokka twitches its whiskers.
The orc priest calls down the wrath of Beogh upon you.
Pain shoots through your body!
* * * LOW HITPOINT WARNING * * *
Casting: Mephitic Cloud (dangerous; 4% risk of failure)
Confirm with . or Enter, or press ? or * to list all spells.
Aiming: Mephitic Cloud (dangerous; 4% risk of failure)
Press: ? - help, Shift-Dir - straight line, p - orc priest The ball explodes into a vile cloud!
The stinking cloud engulfs the orc priest but does no damage.
The orc priest is heavily wounded.
The quokka closely misses you.
The orc priest calls down the wrath of Beogh upon you.
Beogh smites you!
You die...
Kikubaaqudgha rasps: "You have failed me!
Welcome... death!"

..o#.. ...o........#
?.....####.........#
........).)).<.......
.......................
.................###.#.##
.§§........☼§$...# ....
≈≈≈........o○.!..##......
#§........§○☼o....... ..
#.........r@<...#..> #
#...#.....5....##...
#................
###................
##..................
##.........>.........
#####...............###..
.<.......###+###......#..
.........# #..#####


You could see an orc priest, an orc wizard, a quokka and a friendly shadow imp
(summoned).

Vanquished Creatures
  Menkaure (D:6)
  A hound (D:3)
  An orc priest (D:2)
  Terence (D:2)
  2 worker ants
  2 adders
  3 gnolls (D:3)
  5 river rats (Sewer)
  2 oozes
  2 worms
  3 dart slugs
  A leopard gecko (D:4)
  3 orcs
  4 giant cockroaches
  6 goblins
  10 hobgoblins
  6 jackals
  2 quokkas (D:2)
  5 ball pythons (Sewer)
  7 bats
  8 frilled lizards
  17 kobolds
  A quokka zombie (D:7)
  15 rats
108 creatures vanquished.

Vanquished Creatures (collateral kills)
  A big kobold (Sewer)
  An orc priest (D:7)
  2 worker ants
  2 river rats (Sewer)
  4 orcs
  A jackal (D:2)
  5 kobolds
  4 rats (Sewer)
20 creatures vanquished.

Grand Total: 128 creatures vanquished

Notes
Turn   | Place    | Note
-------+----------+-------------------------------------------
     0 | D:1      | raph the Deep Elf Wizard began the quest for the Orb.
     0 | D:1      | Reached XP level 1. HP: 10/10 MP: 7/7
   558 | D:1      | Reached XP level 2. HP: 15/15 MP: 5/9
   639 | D:1      | Learned a level 2 spell: Blink
   642 | D:1      | Learned a level 2 spell: Call Imp
  1681 | D:2      | Reached XP level 3. HP: 19/19 MP: 7/11
  1686 | D:2      | Learned a level 3 spell: Conjure Flame
  1690 | D:2      | Learned a level 3 spell: Mephitic Cloud
  1842 | D:2      | Noticed Terence
  1894 | D:2      | Killed Terence
  1894 | D:2      | Reached skill level 5 in Spellcasting
  2080 | D:2      | Reached XP level 4. HP: 24/24 MP: 13/13
  2710 | D:2      | Reached XP level 5. HP: 28/28 MP: 9/15
  2759 | D:2      | Learned a level 2 spell: Slow
  3098 | D:3      | Found a glowing drain.
  3107 | Sewer    | Entered a sewer
  4235 | Sewer    | Reached skill level 1 in Poison Magic
  4247 | Sewer    | Reached XP level 6. HP: 32/32 MP: 6/16
  4867 | D:3      | Found an opulent altar of Gozag.
  5374 | D:3      | Found a snail-covered altar of Cheibriados.
  5594 | D:3      | Found a faded altar of an unknown god.
  5594 | D:3      | Found a basalt altar of Yredelemnul.
  5599 | D:3      | Found a sacrificial altar of Ru.
  5601 | D:3      | Found a hide-covered altar of Uskayaw.
  5602 | D:3      | Found a faded altar of an unknown god.
  5773 | D:4      | You fall into a shaft and drop 3 floors!
  5773 | D:7      | Found a staircase to the Ecumenical Temple.
  5774 | D:7      | Noticed a sky beast
  5936 | Temple   | Entered the Ecumenical Temple
  6033 | Temple   | Became a worshipper of Kikubaaqudgha
  6079 | D:6      | Noticed Menkaure
  6087 | D:6      | Killed Menkaure
  6087 | D:6      | Reached skill level 6 in Spellcasting
  6087 | D:6      | Reached skill level 5 in Conjurations
  6214 | D:5      | Entered Level 5 of the Dungeon
  6284 | D:3      | Reached XP level 7. HP: 35/36 MP: 1/18
  6530 | D:4      | Killed from afar by an orc priest

Illustrated notes

Levels and vault maps discovered:
D:1:      onia_arrival_mini_maze_b, layout_loops_ring
D:2:      layout_loops_ring, first_ration, uniq_terence
D:3:      layout_basic, kennysheep_slug_shrine, marbit_many_paths,
          chequers_temple_overflow_minitemple, portal_sewer_entry_d
D:4:      layout_rooms, lightli_temple_of_fire, kennysheep_little_box, uniq_ijyb
D:5:      cheibrodos_quashed, layout_loops_ring, nicolae_ru_the_path_less_chosen
D:6:      layout_loops_ring, uniq_menkaure
D:7:      layout_loops_ring, lemuel_crystal_altar, nicolae_tso_besieged_by_evil,
          minmay_temple_entry_proselytizer, serial_shops, shop, grunt_ogre_cave,
          fedhas_altar_4
Temple:   cyrus_circular_temple

Skill      XL: |  1  2  3  4  5  6 |
---------------+-------------------+-----
Conjurations   | 2 3 4 5 |  5.1
Spellcasting   | 5 6 |  6.2
Summonings     | 2 3 |  3.4
Poison Magic   | 1 |  1.9
Stealth        | 3 |  3.6
Dodging        | 3 |  3.4
Translocations | |  1.1

Action                   |  1- 3 |  4- 6 |  7- 9 || total
-------------------------+-------+-------+-------++-------
Melee: Short sword       |     3 |    24 |     7 ||    34
       Dagger            |       |     7 |       ||     7
 Cast: Magic Dart        |    74 |   142 |    11 ||   227
       Call Imp          |     2 |    41 |     2 ||    45
       Conjure Flame     |     1 |     2 |       ||     3
       Mephitic Cloud    |       |     8 |     1 ||     9
       Blink             |       |     1 |       ||     1
  Use: Scroll            |       |     9 |       ||     9
       Potion            |       |     3 |       ||     3
 Stab: Sleeping          |     3 |     5 |       ||     8
  Eat: Chunk             |     3 |     9 |     2 ||    14
       Ration            |       |     1 |       ||     1
Armor: Robe              |       |    14 |     2 ||    16
Dodge: Dodged            |     6 |    78 |    12 ||    96
